 Dungeon Crawl Stone Soup version 0.31.0-9-g3a7656b989 (webtiles) character file.

Game seed: 15923223803741880188

154 EnegeticOcto the Ruffian (level 5, -1/53 HPs)
             Began as a Troll Monk on Jan 31, 2024.
             Succumbed to an orc's poison
             ... on level 2 of the Dungeon.
             The game lasted 00:00:32 (883 turns).

EnegeticOcto the Ruffian (Troll Monk)                Turns: 883, Time: 00:00:32

Health: -1/53      AC:  5    Str: 19    XL:     5   Next: 13%
Magic:  4/4        EV: 10    Int:  6    God:
Gold:   75         SH:  0    Dex: 14    Spells: 4/4 levels left

rFire   . .          .
                       - Unarmed
rCold   . . .        c - orb {light}
rNeg    . . .        a - +0 robe
rPois   .            (helmet restricted)
rElec   .            g - +0 cloak
rCorr   .            (gloves unavailable)
SInv    .            (boots unavailable)
Will    .....        (no amulet)
Stlth   +            (no ring)
HPRegen 1.08/turn    (no ring)
MPRegen 0.09/turn

%: no passive effects
@: lethally poisoned (-1 -> -14), glowing
A: large, unfitting armour, claws 3, regeneration 1, shaggy fur 1, tough skin 1
a: no special abilities


You were on level 2 of the Dungeon.
You visited 1 branch of the dungeon, and saw 2 of its levels.

You collected 75 gold pieces.

Inventory:

Armour
 a - a +0 robe (worn)
 c - an orb of light (worn)
 g - a +0 cloak (worn)
   (You found it on level 1 of the Dungeon)
Scrolls
 h - a scroll of identify {unknown}
 i - a scroll of summoning {unknown}
Potions
 b - a potion of ambrosia
 d - a potion of heal wounds {unknown}
 e - 2 potions of brilliance {unknown}
 f - a potion of degeneration {unknown}


   Skills:
 + Level 3.1 Fighting
 + Level 3.2 Dodging
 * Level 4.6 Unarmed Combat


You had 4 spell levels left.
You didn't know any spells.
Your spell library was empty.

Dungeon Overview and Level Annotations

Branches:
Dungeon (2/15) Zot: 11120

Altars:

Shops:
D:1 (


Innate Abilities, Weirdness & Mutations

You are too large for most types of armour.
You have claws for hands.
Your natural rate of healing is unusually fast.
You are covered in fur. (AC +1)
You have tough skin. (AC +1)


Message History

You feel sick. The bat hits you but does no damage.
You feel sick. The bat hits you but does no damage.
You claw the bat!
You kill the bat!
You feel sick.
No target in view!
No target in view!
No target in view!
No target in view!
No target in view!
No target in view!
No target in view!
You feel sick.
You feel sick.
You feel sick.
You feel sick.
You are no longer poisoned.
HP restored.
A hobgoblin comes into view.
The hobgoblin shouts!
A hobgoblin is nearby!
A hobgoblin is nearby!
A hobgoblin is nearby!
A hobgoblin is nearby!
You claw the hobgoblin!
You kill the hobgoblin!
No target in view!
No target in view!
No target in view!
No target in view!
You open the door.
There is an open door here.
As you open the door, it creaks loudly!
There is an open door here.
A rat comes into view.
The rat squeaks loudly.
The rat bites you but does no damage.
You barely miss the rat. The rat barely misses you.
You claw the rat!
You kill the rat!
No target in view!
No target in view!
No target in view! 2 orcs come into view.
An orc is wielding a +1 mace of venom.
The orc shouts! x2; You hear a shout!
An orc priest comes into view. It is wielding a +0 hand axe.
You hear a shout!
There are monsters nearby!
There are monsters nearby!
An orc priest comes into view. It is wielding a +0 falchion.
The orc hits you with a +0 hand axe.
The orc hits you with a +1 mace of venom.
You scratch the orc priest.
The orc priest is moderately wounded.
The orc closely misses you. The orc barely misses you.
The orc priest mumbles some strange prayers to Beogh against you.
You barely resist. You barely miss the orc priest.
The orc priest is moderately wounded.
The orc priest barely misses you. The orc completely misses you.
You claw the orc priest!
You kill the orc priest!
The orc hits you but does no damage.
You are poisoned.
The orc completely misses you. The orc priest closely misses you.
You claw the orc priest!
The orc priest is almost dead.
You feel sick.
The orc hits you with a +1 mace of venom.
You are more poisoned.
The orc barely misses you.
The orc priest invokes the aid of Beogh against you.
Beogh smites you!
You are too injured to fight recklessly!
You are too injured to fight recklessly!
You are too injured to fight recklessly!
You are too injured to fight recklessly!
You are too injured to fight recklessly!
You are too injured to fight recklessly!
You are too injured to fight recklessly!
You are too injured to fight recklessly!
You are too injured to fight recklessly!
You completely miss the orc priest.
The orc priest is almost dead.
You feel very sick. The orc closely misses you.
The orc hits you but does no damage.
The orc priest hits you with a +0 falchion.
You scratch the orc priest.
You kill the orc priest!
You feel very sick. The orc barely misses you.
The orc hits you with a +1 mace of venom!
* * * LOW HITPOINT WARNING * * *
You are lethally poisoned!
You have reached level 5!
You claw the orc!
You kill the orc!
* * * LOW HITPOINT WARNING * * *
You feel very sick.
You die...

#.. .# #.# #.#
#.##.. #.... ##...
####...## +....o))#
#.@.# ##..# ##.#
#.# #+# #.# #.# #.#
#.# ######.#
######.## #......#
....#...####.######


You could see an orc.

Vanquished Creatures
  A scorpion (D:2)
  2 orc priests (D:2)
  A dart slug (D:1)
  An orc (D:2)
  A ball python (D:1)
  3 bats
  4 endoplasms (D:1)
  2 goblins (D:1)
  5 hobgoblins
  4 jackals (D:1)
  A kobold (D:1)
  2 quokkas (D:1)
  3 frilled lizards
  4 rats
34 creatures vanquished.

Notes
Turn   | Place    | Note
-------+----------+-------------------------------------------
     0 | D:1      | EnegeticOcto the Troll Monk began the quest for the Orb.
     0 | D:1      | Reached XP level 1. HP: 22/22 MP: 0/0
    76 | D:1      | Found Osilef's Weapon Emporium.
   111 | D:1      | Reached XP level 2. HP: 28/29 MP: 1/1
   398 | D:1      | Reached XP level 3. HP: 36/36 MP: 2/2
   727 | D:2      | Noticed a scorpion
   730 | D:2      | Killed a scorpion
   731 | D:2      | Reached skill level 3 in Fighting
   731 | D:2      | Reached skill level 3 in Dodging
   731 | D:2      | Reached skill level 4 in Unarmed Combat
   731 | D:2      | Reached XP level 4. HP: 39/45 MP: 3/3
   882 | D:2      | Reached XP level 5. HP: 8/53 MP: 4/4
   883 | D:2      | Succumbed to an orc's poison

Illustrated notes

Levels and vault maps discovered:
D:1:      eino_arrival_water_star, layout_basic, serial_shops, shop,
          bh_walls_and_bars
D:2:      layout_loops_corners

Skill      XL: |  1  2  3 |
---------------+----------+-----
Fighting       | 3 |  3.1
Dodging        | 3 |  3.2
Unarmed Combat | 4 |  4.6

Action                     |  1- 3 |  4- 6 || total
---------------------------+-------+-------++-------
  Melee: Unarmed           |    52 |    12 ||    64
 Armour: Robe              |    41 |    10 ||    51
  Dodge: Dodged            |    32 |    10 ||    42

Table legend:
 A = Kills in this place as a percentage of kills in the entire game.
 B = Kills by you in this place as a percentage of kills by you in the entire game.
 C = Kills by friends in this place as a percentage of kills by friends in the entire game.
 D = Other kills in this place as a percentage of other kills in the entire game.
 E = Experience gained in this place as a percentage of experience gained in the entire game.
 F = Experience gained in this place divided by the number of levels of this place that you have seen.
                   A       B       C       D       E      F
               +-------+-------+-------+-------+-------+----------------------
         Total | 100.0 | 100.0 |   N/A |   N/A | 100.0 | 110.5
       Dungeon | 100.0 | 100.0 |   N/A |   N/A | 100.0 | 110.5
               +-------+-------+-------+-------+-------+----------------------

Table legend: (Time is in decaauts)
 A = Elapsed time spent in this place.
 B = Non-inter-level travel time spent in this place.
 C = Inter-level travel time spent in this place.
 D = Time resting spent in this place.
 E = Time spent auto-exploring this place.
 F = Levels seen in this place.
 G = Mean time per level.
                   A        B        C        D        E       F      G
               +--------+--------+--------+--------+--------+-----+--------+
         Total |    879 |    869 |     10 |      0 |    715 |   2 |  439.5 |
       Dungeon |    879 |    869 |     10 |      0 |    715 |   2 |  439.5 |
               +--------+--------+--------+--------+--------+-----+--------+

Top non-repeatable levels by time:
     D:1: 682 daAuts
     D:2: 196 daAuts
